BSA
POCATELLO BOCCABELLAS @ KALAMAZOO ROYALE WITH CHEESE
09/06/2026
 
TOP OF THE 1ST
Pocatello Boccabellas batting - Pitching for Kalamazoo Royale with Cheese : LHP Octávio Ramírez
Pitching: LHP Octávio Ramírez
Batting: RHB José García 0-0: Ball
1-0: Ground out 6-3 (Groundball, 6)
Batting: LHB Norberto Muñóz 0-0: Called Strike
0-1: Ball
1-1: Ground out 4-3 (Groundball, 4)
Batting: RHB Marlon Phipps 0-0: Called Strike
0-1: DOUBLE (Flyball, 89XD)
Batting: LHB Juan Cortés 0-0: Ball
1-0: Ball
2-0: Called Strike
2-1: Ball
3-1: Swinging Strike
3-2: Foul Ball, location: 2F
3-2: Strikes out swinging
Top of the 1st over - 0 run(s), 1 hit(s), 0 error(s), 1 left on base; Pocatello 0 - Kalamazoo 0
BOTTOM OF THE 1ST
Kalamazoo Royale with Cheese batting - Pitching for Pocatello Boccabellas : LHP Rod Adams
Pitching: LHP Rod Adams
Batting: RHB Fernando Martínez 0-0: Ball
1-0: Ball
2-0: Foul Ball, location: 2F
2-1: Foul Ball, location: 2F
2-2: Foul Ball, location: 2F
2-2: Foul Ball, location: 2F
2-2: Foul Ball, location: 2F
2-2: Ball
3-2: Foul Ball, location: 2F
3-2: Base on Balls
Batting: RHB Miguel Encarnación 0-0: Ball
1-0: Called Strike
Fernando Martínez steals 2nd base
1-1: Fly out, F8 (Flyball, 8RD)
Runner from 2nd tags up, SAFE at 3rd, no throw
Batting: RHB Alfredo Cortéz 0-0: Foul Ball, location: 2F
0-1: Ground out 4-3 (Groundball, 4M)
Fernando Martínez scores
Batting: RHB Juan Mendoza 0-0: Foul Ball, location: 2F
0-1: Ball
1-1: Swinging Strike
1-2: Ball
2-2: Ground out 4-3 (Groundball, 34)
Bottom of the 1st over - 1 run(s), 0 hit(s), 0 error(s), 0 left on base; Pocatello 0 - Kalamazoo 1
TOP OF THE 2ND
Pocatello Boccabellas batting - Pitching for Kalamazoo Royale with Cheese : LHP Octávio Ramírez
Batting: RHB Francisco Sandoval 0-0: Foul Ball, location: 2F
0-1: Ground out 5-3 (Groundball, 5)
Batting: RHB José Delgado 0-0: Ground out 6-3 (Groundball, 6)
Batting: RHB Fabrice Brodeur 0-0: Foul Ball, location: 2F
0-1: Ball
1-1: Swinging Strike
1-2: Strikes out looking
Top of the 2nd over - 0 run(s), 0 hit(s), 0 error(s), 0 left on base; Pocatello 0 - Kalamazoo 1
BOTTOM OF THE 2ND
Kalamazoo Royale with Cheese batting - Pitching for Pocatello Boccabellas : LHP Rod Adams
Batting: LHB Robinson Fernández 0-0: Called Strike
0-1: Ground out 1-3 (Groundball, 15)
Batting: RHB Arturo Rodríguez 0-0: Ball
1-0: Called Strike
1-1: Ball
2-1: DOUBLE (Groundball, 5L)
Batting: LHB Juan Sánchez 0-0: Ball
1-0: Called Strike
1-1: Ground out 4-3 (Groundball, 34)
Arturo Rodríguez to third
Batting: RHB Andy Aiton 0-0: Ball
1-0: Foul Ball, location: 2F
1-1: Ball
2-1: Swinging Strike
2-2: Ball
3-2: Foul Ball, location: 2F
3-2: Base on Balls
Batting: RHB Jorge Márquez 0-0: Foul Ball, location: 2F
0-1: Foul Ball, location: 2F
0-2: Ball
1-2: Ball
2-2: Ball
3-2: Base on Balls
Andy Aiton to second
Batting: RHB Fernando Martínez 0-0: Foul Ball, location: 2F
0-1: Foul Ball, location: 2F
0-2: Ball
1-2: Ball
2-2: Ball
3-2: SINGLE (Groundball, 56)
Arturo Rodríguez scores
Andy Aiton to third
Jorge Márquez to second
Andy Aiton scores
Jorge Márquez to third
Batting: RHB Miguel Encarnación 0-0: Ball
1-0: Fly out, F9 (Line Drive, 89M)
Bottom of the 2nd over - 2 run(s), 2 hit(s), 0 error(s), 2 left on base; Pocatello 0 - Kalamazoo 3
TOP OF THE 3RD
Pocatello Boccabellas batting - Pitching for Kalamazoo Royale with Cheese : LHP Octávio Ramírez
Batting: RHB Chris Parker 0-0: Ball
1-0: Ball
2-0: SINGLE (Groundball, 4MD)
Batting: SHB Guillermo Ortíz 0-0: Called Strike
0-1: Ball
1-1: SINGLE (Line Drive, 89M)
Chris Parker to second
Batting: RHB José García 0-0: Called Strike
0-1: Grounds into double play, 4-6-3 (Groundball, 4)
Chris Parker to third
Batting: LHB Norberto Muñóz 0-0: Ball
1-0: Ball
2-0: DOUBLE (Line Drive, 6D)
Chris Parker scores
Batting: RHB Marlon Phipps 0-0: Called Strike
0-1: Foul Ball, location: 2F
0-2: Fly out, F8 (Flyball, 8LM)
Top of the 3rd over - 1 run(s), 3 hit(s), 0 error(s), 1 left on base; Pocatello 1 - Kalamazoo 3
BOTTOM OF THE 3RD
Kalamazoo Royale with Cheese batting - Pitching for Pocatello Boccabellas : LHP Rod Adams
Batting: RHB Alfredo Cortéz 0-0: Called Strike
0-1: Fly out, F8 (Flyball, 8RD)
Batting: RHB Juan Mendoza 0-0: Ball
1-0: Foul Ball, location: 2F
1-1: Swinging Strike
1-2: DOUBLE (Flyball, 7LM)
Batting: LHB Robinson Fernández 0-0: Ball
1-0: Swinging Strike
1-1: Ball
2-1: Foul Ball, location: 2F
2-2: Hit by Pitch
Batting: RHB Arturo Rodríguez 0-0: Called Strike
0-1: Called Strike
Throwing error on steal attempt, E2
Juan Mendoza scores
Robinson Fernández to third
0-2: SINGLE (Groundball, 56D)
Robinson Fernández scores
Batting: LHB Juan Sánchez 0-0: Ball
1-0: Swinging Strike
1-1: Ball
2-1: Ball
3-1: Grounds into double play, 4-6-3 (Groundball, 4)
Bottom of the 3rd over - 2 run(s), 2 hit(s), 1 error(s), 0 left on base; Pocatello 1 - Kalamazoo 5
TOP OF THE 4TH
Pocatello Boccabellas batting - Pitching for Kalamazoo Royale with Cheese : LHP Octávio Ramírez
Batting: LHB Juan Cortés 0-0: SINGLE (Line Drive, 56D)
Batting: RHB Francisco Sandoval 0-0: Ball
1-0: Ball
2-0: Called Strike
2-1: Ball
3-1: Foul Ball, location: 2F
3-2: Strikes out swinging
Juan Cortés steals 2nd base
Batter strikes out.
Batting: RHB José Delgado 0-0: Called Strike
0-1: Swinging Strike
0-2: Foul Ball, location: 2F
0-2: Hit by Pitch
Batting: RHB Fabrice Brodeur 0-0: Called Strike
0-1: Ball
1-1: Ball
2-1: Foul Ball, location: 2F
2-2: Ball
3-2: SINGLE (Line Drive, 7LS)
Juan Cortés to third
José Delgado to second
Runner from 3rd tries for Home, SAFE, throw made home
José Delgado to third
Fabrice Brodeur to second
Batting: RHB Chris Parker 0-0: Ground out 5-3 (Groundball, 15S)
José Delgado scores
Fabrice Brodeur to third
Batting: SHB Guillermo Ortíz 0-0: Ball
1-0: Foul Ball, location: 2F
1-1: Swinging Strike
1-2: SINGLE (Groundball, 3D)
Fabrice Brodeur scores
Batting: RHB José García 0-0: Foul Ball, location: 2F
0-1: Ground out 6-3 (Groundball, 6)
Top of the 4th over - 3 run(s), 3 hit(s), 0 error(s), 1 left on base; Pocatello 4 - Kalamazoo 5
BOTTOM OF THE 4TH
Kalamazoo Royale with Cheese batting - Pitching for Pocatello Boccabellas : LHP Rod Adams
Batting: RHB Andy Aiton 0-0: Called Strike
0-1: Foul Ball, location: 2F
0-2: Ground out 4-3 (Groundball, 4M)
Batting: RHB Jorge Márquez 0-0: Ball
1-0: Called Strike
1-1: Foul Ball, location: 2F
1-2: Ball
2-2: Fly out, F4 (Popup, 34D)
Batting: RHB Fernando Martínez 0-0: Ball
1-0: Swinging Strike
1-1: Called Strike
1-2: Foul Ball, location: 2F
1-2: Strikes out looking
Bottom of the 4th over - 0 run(s), 0 hit(s), 0 error(s), 0 left on base; Pocatello 4 - Kalamazoo 5
TOP OF THE 5TH
Pocatello Boccabellas batting - Pitching for Kalamazoo Royale with Cheese : LHP Octávio Ramírez
Batting: LHB Norberto Muñóz 0-0: Called Strike
0-1: Ball
1-1: Fly out, F3 (Line Drive, 3S)
Batting: RHB Marlon Phipps 0-0: Foul Ball, location: 2F
0-1: Ball
1-1: Called Strike
1-2: Ball
2-2: Foul Ball, location: 2F
2-2: Foul Ball, location: 2F
2-2: Ground out 5-3 (Groundball, 56)
Batting: LHB Juan Cortés 0-0: Ball
1-0: Called Strike
1-1: Called Strike
1-2: Ground out 6-3 (Groundball, 6M)
Top of the 5th over - 0 run(s), 0 hit(s), 0 error(s), 0 left on base; Pocatello 4 - Kalamazoo 5
BOTTOM OF THE 5TH
Kalamazoo Royale with Cheese batting - Pitching for Pocatello Boccabellas : LHP Rod Adams
Batting: RHB Miguel Encarnación 0-0: Called Strike
0-1: Ground out 5-3 (Groundball, 56)
Batting: RHB Alfredo Cortéz 0-0: Ball
1-0: SOLO HOME RUN (Flyball, 7D), Distance : 405 ft
Batting: RHB Juan Mendoza 0-0: Ball
1-0: Ball
2-0: Foul Ball, location: 2F
2-1: Called Strike
2-2: SINGLE (Line Drive, 6M)
Batting: LHB Robinson Fernández 0-0: Ball
1-0: Called Strike
1-1: Called Strike
1-2: Strikes out swinging
Batting: RHB Arturo Rodríguez 0-0: Ball
1-0: Ball
2-0: Ball
3-0: Called Strike
3-1: Called Strike
3-2: Base on Balls
Juan Mendoza to second
Batting: LHB Juan Sánchez 0-0: Ball
1-0: Called Strike
1-1: Foul Ball, location: 2F
1-2: Ball
2-2: Strikes out looking
Bottom of the 5th over - 1 run(s), 2 hit(s), 0 error(s), 2 left on base; Pocatello 4 - Kalamazoo 6
TOP OF THE 6TH
Pocatello Boccabellas batting - Pitching for Kalamazoo Royale with Cheese : LHP Octávio Ramírez
Batting: RHB Francisco Sandoval 0-0: Called Strike
0-1: Called Strike
0-2: Ball
1-2: Ground out 1-3 (Groundball, 13S)
Batting: RHB José Delgado 0-0: Ball
1-0: Ball
2-0: Called Strike
2-1: Fly out, F8 (Flyball, 8RD)
Batting: RHB Fabrice Brodeur 0-0: Ball
1-0: Ball
2-0: Ball
3-0: Base on Balls
Batting: RHB Chris Parker 0-0: Called Strike
0-1: Ball
1-1: Ball
2-1: Ground out 5-3 (Groundball, 5L)
Top of the 6th over - 0 run(s), 0 hit(s), 0 error(s), 1 left on base; Pocatello 4 - Kalamazoo 6
BOTTOM OF THE 6TH
Kalamazoo Royale with Cheese batting - Pitching for Pocatello Boccabellas : LHP Rod Adams
Pitching: RHP Juan Álvarez
Batting: RHB Andy Aiton 0-0: Ball
1-0: Bunted foul
1-1: Fly out, F8 (Flyball, 8LD)
Batting: RHB Jorge Márquez 0-0: Called Strike
0-1: Fly out, F5 (Line Drive, 5L)
Batting: RHB Fernando Martínez 0-0: Foul Ball, location: 2F
0-1: Ball
1-1: Ball
2-1: DOUBLE (Flyball, 9LD)
Batting: RHB Miguel Encarnación 0-0: Called Strike
0-1: Ball
1-1: Foul Ball, location: 2F
1-2: Ball
2-2: Foul Ball, location: 2F
2-2: Ball
3-2: Foul Ball, location: 2F
3-2: Fly out, F9 (Line Drive, 9D)
Bottom of the 6th over - 0 run(s), 1 hit(s), 0 error(s), 1 left on base; Pocatello 4 - Kalamazoo 6
TOP OF THE 7TH
Pocatello Boccabellas batting - Pitching for Kalamazoo Royale with Cheese : LHP Octávio Ramírez
Batting: SHB Guillermo Ortíz 0-0: Called Strike
0-1: Called Strike
0-2: Ball
1-2: Ball
2-2: Foul Ball, location: 2F
2-2: Fly out, F8 (Flyball, 8RXD)
Pitching: RHP Fergus Wakeford
Batting: RHB José García 0-0: Fly out, F9 (Flyball, 9M)
Batting: LHB Norberto Muñóz 0-0: Called Strike
0-1: Ground out 1-3 (Groundball, 25)
Top of the 7th over - 0 run(s), 0 hit(s), 0 error(s), 0 left on base; Pocatello 4 - Kalamazoo 6
BOTTOM OF THE 7TH
Kalamazoo Royale with Cheese batting - Pitching for Pocatello Boccabellas : RHP Juan Álvarez
Batting: RHB Alfredo Cortéz 0-0: Foul Ball, location: 2F
0-1: Ball
1-1: Swinging Strike
1-2: Foul Ball, location: 2F
1-2: Reached on error, E6 (Groundball, 6)
Pitching: LHP Howard Bailey
Batting: RHB Juan Mendoza 0-0: Grounds into double play, 5-4-3 (Groundball, 5L)
Batting: LHB Robinson Fernández 0-0: Ball
1-0: Ball
2-0: Ball
3-0: Called Strike
3-1: Fly out, F5 (Line Drive, 56S)
Bottom of the 7th over - 0 run(s), 0 hit(s), 1 error(s), 0 left on base; Pocatello 4 - Kalamazoo 6
TOP OF THE 8TH
Pocatello Boccabellas batting - Pitching for Kalamazoo Royale with Cheese : RHP Fergus Wakeford
Batting: RHB Marlon Phipps 0-0: Swinging Strike
0-1: Foul Ball, location: 2F
0-2: Strikes out swinging
Batting: LHB Juan Cortés 0-0: Ground out 2-3 (Groundball, 2R)
Batting: RHB Francisco Sandoval 0-0: Ball
1-0: Ball
2-0: Swinging Strike
2-1: Ground out 4-3 (Groundball, 4M)
Top of the 8th over - 0 run(s), 0 hit(s), 0 error(s), 0 left on base; Pocatello 4 - Kalamazoo 6
BOTTOM OF THE 8TH
Kalamazoo Royale with Cheese batting - Pitching for Pocatello Boccabellas : LHP Howard Bailey
Batting: RHB Arturo Rodríguez 0-0: Ball
1-0: SINGLE (Line Drive, 4D)
Batting: LHB Juan Sánchez 0-0: Bunt missed!
0-1: Sac Bunt - play at first, batter OUT! 3-4
Arturo Rodríguez to second
Batting: RHB Andy Aiton 0-0: Intentional Walk
Batting: RHB Jorge Márquez 0-0: Foul Ball, location: 2F
0-1: SINGLE (Line Drive, 9LS)
Arturo Rodríguez to third
Andy Aiton to second
Runner from 3rd tries for Home, SAFE, throw made home
Andy Aiton to third
Jorge Márquez to second
Batting: RHB Fernando Martínez 0-0: Ball
1-0: Ball
2-0: SINGLE (Line Drive, 3D)
Andy Aiton scores
Jorge Márquez to third
Batting: RHB Miguel Encarnación 0-0: Called Strike
Fernando Martínez steals 2nd base
0-1: Ball
1-1: Ball
2-1: Ground out 5-3 (Groundball, 5)
Batting: RHB Alfredo Cortéz 0-0: Ball
1-0: Called Strike
1-1: Ground out 6-3 (Groundball, 6)
Bottom of the 8th over - 2 run(s), 3 hit(s), 0 error(s), 2 left on base; Pocatello 4 - Kalamazoo 8
TOP OF THE 9TH
Pocatello Boccabellas batting - Pitching for Kalamazoo Royale with Cheese : RHP Fergus Wakeford
Batting: RHB José Delgado 0-0: Foul Ball, location: 2F
0-1: Ball
1-1: Foul Ball, location: 2F
1-2: Foul Ball, location: 2F
1-2: Ground out 4-3 (Groundball, 4)
Batting: RHB Fabrice Brodeur 0-0: Ball
1-0: Swinging Strike
1-1: Swinging Strike
1-2: Ball
2-2: Strikes out swinging
Batting: RHB Chris Parker 0-0: Swinging Strike
0-1: Ball
1-1: Ball
2-1: Ball
3-1: Ground out 4-3 (Groundball, 4)
Top of the 9th over - 0 run(s), 0 hit(s), 0 error(s), 0 left on base; Pocatello 4 - Kalamazoo 8
Monday, December 5th, 2016 - OOTP Baseball 17.12 Build 75